 Dungeon Crawl Stone Soup version 0.19.5 (webtiles) character file.

195 eeldvark the Skirmisher (level 5, -14/46 HPs)
             Began as a Draconian Wanderer on Apr 2, 2017.
             Was a Follower of Qazlal.
             Killed from afar by North's ghost (22 damage)
             ... with a stone arrow
             ... on level 3 of the Dungeon on Apr 12, 2017.
             The game lasted 00:27:23 (3805 turns).

eeldvark the Skirmisher (Draconian Wanderer)        Turns: 3805, Time: 00:27:23

Health: -14/46     AC:  6    Str: 16    XL:     5   Next: 45%
Magic:  16/17      EV: 12    Int: 12    God:    Qazlal [*.....]
Gold:   178        SH:  1    Dex: 10    Spells: 1 memorised, 7 levels left

rFire  . . .     SeeInvis .     a - +0 spear
rCold  . . .     Gourm    .     (armour unavailable)
rNeg   . . .     Faith    .     (no shield)
rPois  .         Spirit   .     (helmet restricted)
rElec  .         Reflect  .     (no cloak)
rCorr  .         Harm     .     j - +0 pair of gloves
MR     .....                    (no boots)
Stlth  ++........               (no amulet)
                                (no ring)
                                n - ring of magical power

@: very slightly contaminated
A: unfitting armour, cold-blooded, AC +5
a: Renounce Religion


You were on level 3 of the Dungeon.
You worshipped Qazlal.
Qazlal was aware of your devotion.
You were not hungry.

You visited 1 branch of the dungeon, and saw 4 of its levels.

You collected 178 gold pieces.

Inventory:

Hand Weapons
 a - a +0 spear (weapon)
Missiles
 b - 47 stones (quivered)
Armour
 c - a +0 shield
 j - a +0 pair of gloves (worn)
Jewellery
 n - a ring of magical power (left hand)
Wands
 g - a wand of flame (9/48)
Scrolls
 e - a scroll of magic mapping {unknown}
 i - 10 scrolls of identify
 k - a scroll of enchant weapon {unknown}
 l - a scroll of blinking {unknown}
 m - 2 scrolls of recharging {unknown}
 q - a scroll of amnesia
 s - 2 scrolls of teleportation {unknown}
 w - a scroll of remove curse
Potions
 h - a potion of mutation {unknown}
 o - a potion of invisibility {unknown}
Books
 p - the Handbook of the Mountains

   Spells                             Type                      Level
   a - Sandblast                      Earth                        1
   b - Stone Arrow                    Conjuration/Earth            3
Comestibles
 d - 2 bread rations
 f - 4 meat rations


   Skills:
 - Level 4.0 Fighting
 * Level 3.9 Polearms
 + Level 1.2 Dodging
 - Level 2.0 Stealth
 - Level 1.0 Shields
 - Level 2.0 Spellcasting
   Level 2.0 Summonings
   Level 1.0 Transmutations
 + Level 0.8 Earth Magic


You had 7 spell levels left.
You knew the following spells:

 Your Spells              Type           Power        Failure   Level  Hunger
a - Sandblast             Erth           #.....       21%         1    ##.....


Dungeon Overview and Level Annotations

Branches:
Dungeon (4/15)
 Temple: D:4-7

Altars:
Qazlal

Annotations:
D:2 Natasha; Sigmund
D:3 North's ghost, amateur GrEE
D:4 theElss's ghost, novice GrBe


Innate Abilities, Weirdness & Mutations

Your plain brown scales are hard. (AC +5)
You cannot fit into any form of body armour.
You are cold-blooded and may be slowed by cold attacks.


Message History

You are showered with tiny particles of grit.
a - a +0 spear (weapon)
You miss North's ghost.
North's ghost points at you and mumbles some strange words.
The rocky blast misses you.
You closely miss North's ghost.
North's ghost points at you and mumbles some strange words.
The stone arrow hits you!
You closely miss North's ghost. North's ghost misses you.
You miss North's ghost.
North's ghost points at you and mumbles some strange words.
The stone arrow hits you!
* * * LOW HITPOINT WARNING * * *
Okay, then.
North's ghost casts a spell at you. The stone arrow misses you.
A worm comes into view.
North's ghost casts a spell at you. The stone arrow hits you!
You die...

..# #.######.# #.# #.#
#.# #.# #.# #.# #.# #.#
#.# #.# #.# #.# #.# #.#
#.# ######### #.# #.#
#.###.......## #.# #.#
#.##.........#
..#######.# #@......#
#..# .....†....#
##......# #..#
..........#######.#.w..#
#..#
#########).......W.....#
#..#
#...#.###.##...###..###
#.#...................#
#....#########..#####.#
##.#.# #..# #.# #...#
#..# #.#


You could see a worm and North's ghost.

Vanquished Creatures
  Ijyb (D:2)
  A worker ant (D:4)
  Robin (D:3)
  3 gnolls (D:2)
  3 adders (D:2)
  A worm (D:2)
  2 dart slugs
  2 leopard geckos
  6 giant cockroaches
  9 goblins
  6 hobgoblins
  5 jackals (D:3)
  9 kobolds
  8 bats
  A frilled lizard (D:2)
  9 rats
67 creatures vanquished.

Notes
Turn   | Place    | Note
-------+----------+-------------------------------------------
     0 | D:1      | eeldvark the Draconian Wanderer began the quest for the Orb.
     0 | D:1      | eeldvark set off with: a +0 shield, the Handbook of the Mountains, a +0 spear, a bread ration
     0 | D:1      | Reached XP level 1. HP: 19/19 MP: 3/3
   157 | D:1      | Identified the Handbook of the Mountains
   177 | D:1      | Reached skill level 1 in Polearms
   241 | D:1      | Reached XP level 2. HP: 26/26 MP: 5/5
  1013 | D:2      | Reached XP level 3. HP: 23/31 MP: 6/6
  1381 | D:2      | Noticed Natasha
  1381 | D:2      | Noticed Sigmund
  1414 | D:2      | Reached XP level 4. HP: 30/39 MP: 7/7
  1421 | D:2      | Noticed Ijyb
  1907 | D:2      | Killed Ijyb
  2298 | D:2      | Noticed an earth elemental
  2300 | D:2      | Found a stormy altar of Qazlal.
  2301 | D:2      | Noticed a fire elemental
  2301 | D:2      | Noticed an air elemental
  2301 | D:2      | Noticed a water elemental
  2306 | D:2      | Became a worshipper of Qazlal Stormbringer
  2565 | D:3      | Reached skill level 1 in Dodging
  2581 | D:3      | Learned a level 1 spell: Sandblast
  2608 | D:3      | Reached XP level 5. HP: 46/46 MP: 8/8
  2616 | D:3      | Reached skill level 4 in Fighting
  2881 | D:3      | Noticed North's ghost (amateur GrEE)
  3368 | D:3      | Noticed Robin
  3415 | D:3      | Killed Robin
  3754 | D:4      | Noticed theElss's ghost (novice GrBe)
  3772 | D:3      | Reached * piety under Qazlal
  3805 | D:3      | Killed from afar by North's ghost

Skill      XL: |  1  2  3  4  5 |
---------------+----------------+-----
Polearms       | 1 2 3 |  3.9
Stealth        | 2 |  2.0
Dodging        | 1 |  1.2
Fighting       | 4 |  4.0
Shields        | |  1.0
Spellcasting   | |  2.0
Summonings     | |  2.0
Transmutations | |  1.0
Earth Magic    | |  0.8

Action                   |  1- 3 |  4- 6 || total
-------------------------+-------+-------++-------
Melee: Spear             |    98 |   209 ||   307
       Tailslap          |    10 |    19 ||    29
       Unarmed           |       |     7 ||     7
 Cast: Sandblast         |       |     4 ||     4
  Use: Scroll            |     1 |     6 ||     7
       Potion            |     1 |     4 ||     5
 Stab: Sleeping          |     2 |     4 ||     6
       Distracted        |     1 |     1 ||     2
  Eat: Chunk             |     1 |     2 ||     3
       Fruit             |       |     4 ||     4
       Pizza             |       |     1 ||     1
       Beef jerky        |       |     1 ||     1
Armor: Skin              |    26 |    54 ||    80
Dodge: Dodged            |    40 |   115 ||   155
